% Time on Ice - SAN JOSE BRONCOS
Lines # - Real PCT - Wanted PCT - Time Play
Normal Forward
1 - 35% - 36% - 15:39
2 - 30% - 33% - 13:39
3 - 27% - 25% - 12:13
4 - 8% - 6% - 3:48
Normal Defense
1 - 34% - 37% - 15:14
2 - 34% - 33% - 15:17
3 - 33% - 30% - 14:48
4 - 0% - 0% - 0:00
PP Forward
1 - 55% - 60% - 4:32
2 - 45% - 40% - 3:43
PP Defense
1 - 55% - 60% - 4:32
2 - 45% - 40% - 3:43
PK Forward
1 - 45% - 50% - 2:42
2 - 55% - 50% - 3:15
PK Defense
1 - 46% - 50% - 2:43
2 - 54% - 50% - 3:14
PK3 Forward
1 - 0% - 50%
2 - 0% - 50%
PK3 Defense
1 - 0% - 55%
2 - 0% - 45%
44 Forward
1 - 0% - 50%
2 - 0% - 50%
44 Defense
1 - 0% - 50%
2 - 0% - 50%
Last Minute Offensive  - 0:29
Last Minute Defensive  - 0:00
Total
Forward - 60:00
Defense - 60:00
% Time on Ice - ANCHORAGE ACES
Lines # - Real PCT - Wanted PCT - Time Play
Normal Forward
1 - 27% - 30% - 12:29
2 - 30% - 30% - 13:27
3 - 29% - 30% - 12:59
4 - 14% - 10% - 6:34
Normal Defense
1 - 37% - 38% - 16:52
2 - 33% - 31% - 15:00
3 - 26% - 21% - 11:50
4 - 4% - 10% - 1:47
PP Forward
1 - 53% - 50% - 3:10
2 - 47% - 50% - 2:47
PP Defense
1 - 51% - 55% - 3:03
2 - 49% - 45% - 2:54
PK Forward
1 - 69% - 55% - 4:34
2 - 31% - 45% - 2:01
PK Defense
1 - 56% - 55% - 3:42
2 - 44% - 45% - 2:53
PK3 Forward
1 - 46% - 55% - 0:46
2 - 54% - 45% - 0:54
PK3 Defense
1 - 73% - 55% - 1:13
2 - 27% - 45% - 0:27
44 Forward
1 - 0% - 55%
2 - 0% - 45%
44 Defense
1 - 0% - 55%
2 - 0% - 45%
Last Minute Offensive  - 0:00
Last Minute Defensive  - 0:19
Total
Forward - 60:00
Defense - 60:00
Play-by-Play 1st period 0:01 of 1st period - Brayden Point wins face-off versus Connor McDavid in neutral zone. 0:04 of 1st period - Jakob Silfverberg is hit by Brayden Point and loses puck. 0:08 of 1st period - Icing by Seth Jones. 0:09 of 1st period - Evgeni Malkin wins face-off versus Connor McDavid in ANCHORAGE ACES zone. 0:48 of 1st period - Shot by Connor McDavid. 0:48 of 1st period - Stopped by Jacob Markstrom without a rebound. 0:49 of 1st period - Phillip Danault wins face-off versus Jesper Bratt in SAN JOSE BRONCOS zone. 1:24 of 1st period - Icing by Ben Chiarot. 1:25 of 1st period - Brayden Point wins face-off versus Phillip Danault in ANCHORAGE ACES zone. 1:47 of 1st period - Off-side. 1:48 of 1st period - Nathan MacKinnon wins face-off versus Charlie Coyle in neutral zone. 2:18 of 1st period - Shot by Brandon Saad. 2:18 of 1st period - Goal by Brandon Saad - SAN JOSE BRONCOS : 0 - ANCHORAGE ACES : 1. 2:19 of 1st period - Nate Thompson wins face-off versus Brayden Point in neutral zone. 2:40 of 1st period - Shot by Brayden Point. 2:40 of 1st period - Stopped by Braden Holtby with a rebound. 2:42 of 1st period - Shot by Hampus Lindholm. 2:42 of 1st period - Deflect By Brayden Point. 2:42 of 1st period - Stopped by Braden Holtby without a rebound. 2:43 of 1st period - Evgeni Malkin wins face-off versus Connor McDavid in ANCHORAGE ACES zone. 2:45 of 1st period - Claude Giroux is hit by Ben Chiarot and loses puck. 3:00 of 1st period - Shot by Connor McDavid. 3:00 of 1st period - Shot Misses the Net. 3:02 of 1st period - Shot by Nikolaj Ehlers. 3:02 of 1st period - Stopped by Jacob Markstrom without a rebound. 3:03 of 1st period - Brayden Point wins face-off versus Brandon Saad in SAN JOSE BRONCOS zone. 3:20 of 1st period - Shot by Brayden Point. 3:20 of 1st period - Shot Misses the Net. 3:22 of 1st period - Shot by Oliver Bjorkstrand. 3:22 of 1st period - Stopped by Braden Holtby without a rebound. 3:23 of 1st period - Phillip Danault wins face-off versus Nick Bonino in ANCHORAGE ACES zone. 3:23 of 1st period - Phillip Danault is hit by Jesper Bratt. 3:37 of 1st period - Off-side. 3:38 of 1st period - Evgeni Malkin wins face-off versus Brandon Saad in neutral zone. 3:41 of 1st period - Cal Clutterbuck is hit by Claude Giroux and loses puck. 4:27 of 1st period - Shot by Evgeni Malkin. 4:27 of 1st period - Shot Misses the Net. 5:08 of 1st period - Off-side. 5:09 of 1st period - Phillip Danault wins face-off versus Anthony Beauvillier in neutral zone. 5:11 of 1st period - Reyley Smith is hit by Adam Pelech and loses puck. 5:51 of 1st period - Chris Kreider is hit by Nick Bonino and loses puck. 6:08 of 1st period - Shot by Evgeni Malkin. 6:08 of 1st period - Shot Misses the Net. 6:36 of 1st period - Icing by Deryk Engelland. 6:37 of 1st period - Phillip Danault wins face-off versus Connor Brown in ANCHORAGE ACES zone. 6:49 of 1st period - Off-side. 6:50 of 1st period - Connor McDavid wins face-off versus Charlie Coyle in neutral zone. 7:17 of 1st period - Shot by Nikolaj Ehlers. 7:17 of 1st period - Shot Misses the Net. 7:19 of 1st period - Shot by Seth Jones. 7:19 of 1st period - Stopped by Jacob Markstrom with a rebound. 7:43 of 1st period - Nikolaj Ehlers is hit by Connor Brown and loses puck. 8:19 of 1st period - Nathan MacKinnon is hit by Adam Pelech and loses puck. 9:03 of 1st period - Shot by Jacob de la Rose. 9:03 of 1st period - Shot Blocked by Adam Pelech. 9:05 of 1st period - Shot by Nate Thompson. 9:05 of 1st period - Deflect By Jacob de la Rose. 9:05 of 1st period - Shot Misses the Net. 9:07 of 1st period - Shot by Jacob de la Rose. 9:07 of 1st period - Shot Misses the Net. 9:09 of 1st period - Shot by Nate Thompson. 9:09 of 1st period - Stopped by Jacob Markstrom without a rebound. 9:10 of 1st period - Nick Bonino wins face-off versus Chris Kreider in SAN JOSE BRONCOS zone. 9:14 of 1st period - Off-side. 9:15 of 1st period - Phillip Danault wins face-off versus Nick Bonino in neutral zone. 9:46 of 1st period - Off-side. 9:47 of 1st period - Nathan MacKinnon wins face-off versus Evgeni Malkin in neutral zone. 9:52 of 1st period - Shot by Brandon Saad. 9:52 of 1st period - Shot Misses the Net. 10:08 of 1st period - Shot by Nathan MacKinnon. 10:08 of 1st period - Stopped by Jacob Markstrom without a rebound. 10:09 of 1st period - Connor McDavid wins face-off versus Charlie Coyle in SAN JOSE BRONCOS zone. 10:28 of 1st period - Connor McDavid is hit by Tyler Motte and loses puck. 10:42 of 1st period - Shot by Tyler Motte. 10:42 of 1st period - Deflect By David Kampf. 10:42 of 1st period - Shot Misses the Net. 10:44 of 1st period - Shot by David Kampf. 10:44 of 1st period - Shot Misses the Net. 10:52 of 1st period - Shot by Charlie Coyle. 10:52 of 1st period - Shot Misses the Net. 11:02 of 1st period - Shot by Evgeni Malkin. 11:02 of 1st period - Stopped by Braden Holtby without a rebound. 11:03 of 1st period - Nathan MacKinnon wins face-off versus Evgeni Malkin in ANCHORAGE ACES zone. 12:23 of 1st period - Cal Clutterbuck is hit by Jesper Bratt and loses puck. 12:47 of 1st period - Shot by Oliver Bjorkstrand. 12:47 of 1st period - Stopped by Braden Holtby without a rebound. 12:48 of 1st period - Phillip Danault wins face-off versus Brayden Point in ANCHORAGE ACES zone. 12:59 of 1st period - Shot by Brayden Point. 12:59 of 1st period - Stopped by Braden Holtby without a rebound. 13:00 of 1st period - Evgeni Malkin wins face-off versus Nate Thompson in ANCHORAGE ACES zone. 13:04 of 1st period - Icing by Shea Weber. 13:05 of 1st period - Brayden Point wins face-off versus Nate Thompson in ANCHORAGE ACES zone. 13:14 of 1st period - Shot by Oliver Bjorkstrand. 13:14 of 1st period - Shot Misses the Net. 13:17 of 1st period - Icing by Seth Jones. 13:18 of 1st period - Nate Thompson wins face-off versus Evgeni Malkin in ANCHORAGE ACES zone. 13:20 of 1st period - Seth Jones is hit by Claude Giroux and loses puck. 13:25 of 1st period - Shot by Evgeni Malkin. 13:25 of 1st period - Deflect By Claude Giroux. 13:25 of 1st period - Stopped by Braden Holtby without a rebound. 13:26 of 1st period - Reyley Smith wins face-off versus Brayden Point in ANCHORAGE ACES zone. 14:05 of 1st period - Shot by Reyley Smith. 14:05 of 1st period - Shot Blocked by Connor Brown. 14:24 of 1st period - Chris Kreider is hit by Jaccob Slavin and loses puck. 14:55 of 1st period - Claude Giroux is hit by Connor McDavid. 15:05 of 1st period - Shot by Nikolaj Ehlers. 15:05 of 1st period - Stopped by Jacob Markstrom without a rebound. 15:06 of 1st period - Nate Thompson wins face-off versus Nick Bonino in SAN JOSE BRONCOS zone. 15:29 of 1st period - Shot by Jacob de la Rose. 15:29 of 1st period - Stopped by Jacob Markstrom without a rebound. 15:30 of 1st period - Oliver Bjorkstrand wins face-off versus Connor McDavid in SAN JOSE BRONCOS zone. 17:09 of 1st period - Chris Tanev is hit by Cal Clutterbuck and loses puck. 17:43 of 1st period - Reyley Smith is hit by Hampus Lindholm and loses puck. 17:58 of 1st period - Shot by Chris Kreider. 17:58 of 1st period - Deflect By Phillip Danault. 17:58 of 1st period - Shot Misses the Net. 18:22 of 1st period - Seth Jones is hit by Evgeni Malkin and loses puck. 19:25 of 1st period - Shot by Connor McDavid. 19:25 of 1st period - Shot Misses the Net. 19:31 of 1st period - Shot by Jakob Silfverberg. 19:31 of 1st period - Stopped by Jacob Markstrom without a rebound. 19:32 of 1st period - Nathan MacKinnon wins face-off versus Nick Bonino in SAN JOSE BRONCOS zone. 19:49 of 1st period - Shot by Brandon Saad. 19:49 of 1st period - Shot Misses the Net. 19:51 of 1st period - Shot by Cal Clutterbuck. 19:51 of 1st period - Stopped by Jacob Markstrom without a rebound. 19:52 of 1st period - Charlie Coyle wins face-off versus Connor McDavid in SAN JOSE BRONCOS zone. 19:52 of 1st period - Charlie Coyle is hit by Jakob Silfverberg. 19:53 of 1st period - Minor Penalty to Nikolaj Ehlers for High sticking. 19:54 of 1st period - Evgeni Malkin wins face-off versus Phillip Danault in ANCHORAGE ACES zone. 19:57 of 1st period - Shot by Claude Giroux. 19:57 of 1st period - Stopped by Braden Holtby without a rebound. 19:58 of 1st period - Phillip Danault wins face-off versus Evgeni Malkin in ANCHORAGE ACES zone. Goals for this period are 0 for SAN JOSE BRONCOS vs 1 for ANCHORAGE ACES. Shots for this period are 8 for SAN JOSE BRONCOS vs 10 for ANCHORAGE ACES. 2nd period 0:01 of 2nd period - Phillip Danault wins face-off versus Evgeni Malkin in neutral zone. 0:20 of 2nd period - Shot by Claude Giroux. 0:20 of 2nd period - Shot Misses the Net. 0:28 of 2nd period - Shot by Connor Brown. 0:28 of 2nd period - Shot Misses the Net. 0:36 of 2nd period - Shot by Evgeni Malkin. 0:36 of 2nd period - Shot Misses the Net. 0:38 of 2nd period - Shot by Jaccob Slavin. 0:38 of 2nd period - Stopped by Braden Holtby without a rebound. 0:39 of 2nd period - Brayden Point wins face-off versus Brandon Saad in ANCHORAGE ACES zone. 0:44 of 2nd period - Shot by Elias Lindholm. 0:44 of 2nd period - Stopped by Braden Holtby without a rebound. 0:45 of 2nd period - Brayden Point wins face-off versus Phillip Danault in ANCHORAGE ACES zone. 0:50 of 2nd period - Shot by Elias Lindholm. 0:50 of 2nd period - Stopped by Braden Holtby without a rebound. 0:51 of 2nd period - Evgeni Malkin wins face-off versus Phillip Danault in ANCHORAGE ACES zone. 0:52 of 2nd period - Shot by Claude Giroux. 0:52 of 2nd period - Shot Misses the Net. 0:54 of 2nd period - Shot by Evgeni Malkin. 0:54 of 2nd period - Stopped by Braden Holtby without a rebound. 0:55 of 2nd period - Evgeni Malkin wins face-off versus Phillip Danault in ANCHORAGE ACES zone. 1:13 of 2nd period - Off-side. 1:14 of 2nd period - Brayden Point wins face-off versus Phillip Danault in neutral zone. 1:35 of 2nd period - Shot by Oliver Bjorkstrand. 1:35 of 2nd period - Shot Blocked by Shea Weber. 1:37 of 2nd period - Shot by Oliver Bjorkstrand. 1:37 of 2nd period - Stopped by Braden Holtby without a rebound. 1:38 of 2nd period - Evgeni Malkin wins face-off versus Brandon Saad in ANCHORAGE ACES zone. 3:08 of 2nd period - Evgeni Malkin is hit by Connor McDavid and loses puck. 3:57 of 2nd period - Shot by Oliver Bjorkstrand. 3:57 of 2nd period - Stopped by Braden Holtby without a rebound. 3:58 of 2nd period - Phillip Danault wins face-off versus Charlie Coyle in ANCHORAGE ACES zone. 4:07 of 2nd period - Shot by Phillip Danault. 4:07 of 2nd period - Stopped by Jacob Markstrom without a rebound. 4:08 of 2nd period - Nathan MacKinnon wins face-off versus Brayden Point in SAN JOSE BRONCOS zone. 4:28 of 2nd period - Minor Penalty to Adam Pelech for Hooking. 4:29 of 2nd period - Connor McDavid wins face-off versus Evgeni Malkin in SAN JOSE BRONCOS zone. 4:44 of 2nd period - Shot by Connor McDavid. 4:44 of 2nd period - Stopped by Jacob Markstrom with a rebound. 4:46 of 2nd period - Shot by Chris Kreider. 4:46 of 2nd period - Deflect By Connor McDavid. 4:46 of 2nd period - Stopped by Jacob Markstrom with a rebound. 4:48 of 2nd period - Shot by Chris Kreider. 4:48 of 2nd period - Shot Misses the Net. 4:50 of 2nd period - Shot by Carl Gunnarsson. 4:50 of 2nd period - Shot Blocked by Chris Tanev. 4:52 of 2nd period - Shot by Chris Kreider. 4:52 of 2nd period - Stopped by Jacob Markstrom without a rebound. 4:53 of 2nd period - Nathan MacKinnon wins face-off versus Evgeni Malkin in SAN JOSE BRONCOS zone. 5:12 of 2nd period - Shot by Nathan MacKinnon. 5:12 of 2nd period - Shot Blocked by Nick Bonino. 5:14 of 2nd period - Shot by Shea Weber. 5:14 of 2nd period - Stopped by Jacob Markstrom without a rebound. 5:15 of 2nd period - Connor McDavid wins face-off versus Evgeni Malkin in SAN JOSE BRONCOS zone. 5:18 of 2nd period - Shot by Chris Kreider. 5:18 of 2nd period - Sho